 Dungeon Crawl Stone Soup version 0.30-a0-728-gc68057be0a (webtiles) character file.

Game seed: 17284194105980371487

845 omnomnOMINOUS the Trooper (level 8, 0/54 HPs)
             Began as an Octopode Wanderer on Jan 30, 2023.
             Was a Priest of Ignis.
             Slain by a lemure (3 damage)
             ... led by Pikel
             ... on level 8 of the Dungeon.
             The game lasted 00:08:12 (3473 turns).

omnomnOMINOUS the Trooper (Octopode Wanderer)       Turns: 3473, Time: 00:08:12

Health: 0/54       AC:  1    Str:  7    XL:     8   Next: 0%
Magic:  14/14      EV: 14    Int: 19    God:    Ignis [***...]
Gold:   179        SH:  0    Dex: 13    Spells: 15/16 levels left

rFire   + . .      SeeInvis .    a - +7 short sword of the Vine {freeze, rPois}
rCold   . . .      Faith    .    (no shield)
rNeg    . . .      Spirit   .    A - +0 hat
rPois   +          Reflect  .    h - amulet of the acrobat
rElec   .          Harm     .    (no ring)
rCorr   .          Rampage  .    (no ring)
Will    .....                    (no ring)
Stlth   +++                      (no ring)
HPRegen 0.29/turn                (no ring)
MPRegen 0.14/turn                (no ring)
                                 (no ring)
                                 (no ring)

@: rising, flying
A: almost no armour, amphibious, 8 rings, camouflage 1, gelatinous body 1,
(nimble swimmer 1), tentacles
a: Renounce Religion, Fiery Armour, Foxfire Swarm


You were on level 8 of the Dungeon.
You worshipped Ignis.
Ignis was most pleased with you.
You visited 1 branch of the dungeon, and saw 6 of its levels.

You collected 179 gold pieces.

Inventory:

Hand Weapons
 a - the +7 short sword of the Vine (weapon) {freeze, rPois}
   (You found it on level 4 of the Dungeon)

   rPois:     It protects you from poison.
 b - a +2 dagger of pain
 u - a +2 quarterstaff
Armour
 k - a +0 tower shield
 A - a +0 hat (worn)
Magical Staves
 s - a staff of death
Jewellery
 h - an amulet of the acrobat (around mantle)
Wands
 p - a wand of roots (10)
 y - a wand of flame (11)
Scrolls
 e - 5 scrolls of identify
 g - a scroll of fog
 i - a scroll of enchant armour {unknown}
 j - a scroll of noise
 l - a scroll of torment {unknown}
 m - a scroll of blinking {unknown}
 n - a scroll of amnesia {unknown}
 q - a scroll of silence {unknown}
 r - 2 scrolls of teleportation
 t - a scroll of enchant weapon {unknown}
 v - a scroll of magic mapping {unknown}
 w - a scroll of immolation
Potions
 c - 2 potions of brilliance
 d - a potion of curing
 f - 2 potions of might
 x - a potion of mutation
 z - a potion of haste


   Skills:
 + Level 4.6 Fighting
 + Level 1.8 Short Blades
 - Level 4.0 Staves
 + Level 4.6 Dodging
 + Level 3.2 Stealth
 + Level 4.6 Spellcasting
 - Level 1.0 Summonings


You had 15 spell levels left.
You knew the following spells:

 Your Spells              Type           Power      Damage    Failure   Level
a - Summon Small Mammal   Summ           32%        N/A       9%          1

Your spell library contained the following spells:

 Spells                   Type           Power      Damage    Failure   Level
 Freeze                   Ice            16%        1d4       13%         1
 Summon Guardian Golem    Hex/Summ       6%         N/A       30%         3
 Frozen Ramparts          Ice            8%         1d2       36%         3
 Hailstorm                Conj/Ice       4%         3d4       36%         3


Dungeon Overview and Level Annotations

Branches:
Dungeon (5/15)
 Temple: D:4-7

Altars:
Ignis

Shops:
D:2 [

Annotations:
D:8 Pikel


Innate Abilities, Weirdness & Mutations

You cannot wear most types of armour.
You are amphibious.
You can wear up to eight rings at the same time.
Your skin changes colour to match your surroundings (Stealth+).
Your rubbery body absorbs attacks. (AC +1, EV +1)
((You are camouflaged when in or above water. (Stealth+)))
You have tentacles for arms and can constrict up to eight enemies at once.


Message History

Aiming: Fastroot
Press: ? - help, Shift-Dir - straight line, f - killer bee
Aim: a killer bee (inner flame)
Okay, then.
Okay, then.
Unknown command.
Okay, then.
Unknown command.
Unknown command.
Casting: Summon Small Mammal (safe; 9% risk of failure)
Confirm with . or Enter, or press ? or * to list all spells.
Okay, then.
Unknown command.
Activating: Foxfire Swarm
Press: ? - help, Dir - look around, f - activate Flames leap up around you!
You feel very sick. The killer bee stings you. x2
* * * LOW HITPOINT WARNING * * *
The killer bee stings you.
* * * LOW HITPOINT WARNING * * *
The killer bee stings you!
* * * LOW HITPOINT WARNING * * *
Unknown command.
You feel better.
Your surroundings suddenly seem different.
Pikel and a lemure come into view.
Pikel is wielding a +1 whip of flaming.
Found a stone staircase leading up.
The wight hits you from afar with a +3 spear!
* * * LOW HITPOINT WARNING * * *
Pikel hits you with a +1 whip of flaming.
* * * LOW HITPOINT WARNING * * *
Pikel burns you.
* * * LOW HITPOINT WARNING * * *
The lemure shouts!
Unknown command.
Okay, then.
Unknown command.
You begin to rise into the air.
The lemure hits you.
You die...

#### ...# # ..
##.# #. #.
##.########.###.##
.........(.......#
...###...## #....#
.#.....### #...#
...#..## #..#
#....## #K@#
#...## #5...55#
#...# ###z...#
....+ ##5z.# ..#.#
..... ..#.##
...#.## .....# .#.
.< ..##..# ###. ..
..# ...# #.. ~~


You could see Pikel, 4 lemures and 2 wights.

Vanquished Creatures
  Grinder (D:3)
  A water moccasin (D:8)
  An ogre (D:4)
  2 kobold brigands (D:8)
  A scorpion (D:4)
  An orc priest (D:3)
  Jessica (D:2)
  An iguana (D:4)
  An orc wizard (D:3)
  Ijyb (D:3)
  8 adders
  A white imp (D:5)
  An ufetubus (D:4)
  A worm (D:3)
  A dart slug (D:4)
  3 orcs (D:3)
  2 ball pythons
  2 bats (D:2)
  An endoplasm (D:1)
  4 giant cockroaches
  4 hobgoblins (D:2)
  9 kobolds
  A quokka (D:3)
  3 frilled lizards (D:2)
  6 goblins
  A rat (D:2)
59 creatures vanquished.

Vanquished Creatures (others)
  18 foxfires (D:3)
18 creatures vanquished.

Grand Total: 77 creatures vanquished

Notes
Turn   | Place    | Note
-------+----------+-------------------------------------------
     0 | D:1      | omnomnOMINOUS the Octopode Wanderer began the quest for the
                  | Orb.
     0 | D:1      | omnomnOMINOUS set off with the following items: a +2
                  | quarterstaff, a +0 hat, a potion of brilliance; and the
                  | following spell memorised: Summon Small Mammal; and the
                  | following spells available to memorise: Summon Guardian
                  | Golem.
     0 | D:1      | Reached XP level 1. HP: 13/13 MP: 3/3
   135 | D:1      | Found a faded altar of an unknown god.
   184 | D:1      | Prayed at the altar of an unknown god.
   184 | D:1      | Became a worshipper of Ignis, the Dying Flame
   399 | D:2      | Reached XP level 2. HP: 18/18 MP: 5/5
   546 | D:2      | Reached XP level 3. HP: 16/24 MP: 6/6
   666 | D:2      | Noticed Jessica
   673 | D:2      | Killed Jessica
   674 | D:2      | Reached XP level 4. HP: 18/29 MP: 6/8
   782 | D:2      | Found Zaewn's Antique Armour Boutique.
  1318 | D:3      | Noticed Grinder
  1430 | D:3      | Reached XP level 5. HP: 29/36 MP: 9/9
  1530 | D:3      | Noticed Ijyb
  1541 | D:3      | Killed Ijyb
  1673 | D:3      | Paralysed by Grinder for 5 turns
  1682 | D:3      | Killed Grinder
  1683 | D:3      | Reached XP level 6. HP: 18/43 MP: 10/12
  2273 | D:4      | Reached XP level 7. HP: 38/48 MP: 13/13
  2387 | D:4      | Identified the +7 short sword of the Vine {freeze, rPois}
  3067 | D:5      | Entered Level 5 of the Dungeon
  3132 | D:5      | You fall into a shaft and drop 3 floors!
  3171 | D:8      | Reached skill level 1 in Short Blades
  3466 | D:8      | Reached XP level 8. HP: 40/54 MP: 14/14
  3472 | D:8      | Noticed Pikel
  3472 | D:8      | HP: 2/54 [Pikel/+1 whip of flaming (1)]
  3473 | D:8      | Slain by a lemure

Illustrated notes

Levels and vault maps discovered:
D:1:      psy_arrival_whirlpool, layout_rooms, shapermc_ecumenical_altar_gd,
          serial_bayou_ford_a
D:2:      layout_basic, serial_shops, shop, minmay_misc_feat_nine_boxes,
          minmay_tetromino_o2, uniq_jessica
D:3:      layout_loops_ring, uniq_grinder, uniq_ijyb
D:4:      layout_loops_ring
D:5:      layout_rooms, mainiacjoe_overflow_paths, uniq_menkaure,
          uniq_crazy_yiuf_cottage
D:8:      layout_loops_ring, gammafunk_temple_overflow_claw,
          mainiacjoe_overflow_boulevard, serial_rivers,
          chequers_serial_rivers_micro_d, chequers_serial_rivers_large_a,
          chequers_serial_rivers_micro_e, chequers_serial_rivers_micro_b,
          chequers_serial_rivers_marsh, st_stairs_12, uniq_maurice, uniq_pikel

Skill      XL: |  1  2  3  4  5  6  7 |
---------------+----------------------+-----
Fighting       | 2 3 4 |  4.6
Dodging        | 2 3 4 |  4.6
Spellcasting   | 3 4 |  4.6
Stealth        | 3 |  3.2
Short Blades   | 1 |  1.8
Staves         | |  4.0
Summonings     | |  1.0

Action                     |  1- 3 |  4- 6 |  7- 9 || total
---------------------------+-------+-------+-------++-------
  Melee: Quarterstaff      |    34 |    63 |       ||    97
         Tentacles         |     8 |    12 |     8 ||    28
         Constrict         |     7 |    14 |    10 ||    31
         Short sword       |       |       |    40 ||    40
         Punch             |       |       |     1 ||     1
   Cast: Summon Small Mamm |       |       |     2 ||     2
 Invoke: Fiery Armour      |       |     1 |       ||     1
         Foxfire Swarm     |       |     2 |     1 ||     3
         Rising Flame      |       |       |     1 ||     1
    Use: Scroll            |       |       |     7 ||     7
         Potion            |       |       |     1 ||     1
   Stab: Sleeping          |     5 |     8 |     2 ||    15
 Armour: Skin              |     3 |    10 |     3 ||    16
  Dodge: Dodged            |    20 |    34 |    30 ||    84

Table legend: (Time is in decaauts)
 A = Elapsed time spent in this place.
 B = Non-inter-level travel time spent in this place.
 C = Inter-level travel time spent in this place.
 D = Time resting spent in this place.
 E = Time spent auto-exploring this place.
 F = Levels seen in this place.
 G = Mean time per level.
                   A        B        C        D        E       F      G
               +--------+--------+--------+--------+--------+-----+--------+
         Total |   3480 |   3267 |    213 |    342 |   2331 |   6 |  580.0 |
       Dungeon |   3480 |   3267 |    213 |    342 |   2331 |   6 |  580.0 |
               +--------+--------+--------+--------+--------+-----+--------+

Top non-repeatable levels by time:
     D:2: 995 daAuts
     D:4: 859 daAuts
     D:3: 822 daAuts
     D:1: 400 daAuts
     D:8: 339 daAuts
     D:5: 64 daAuts
